[Event "*** SCC Grand Prix: Titled Tuesday Blitz"]
[Site "Chess.com"]
[Date "2020.06.23"]
[Round "5"]
[White "profofchess"]
[Black "viktorskliarov"]
[Result "0-1"]
[WhiteElo "2375"]
[BlackElo "2548"]
[TimeControl "180+1"]
[EndTime "10:55:34 PDT"]
[Termination "viktorskliarov won by resignation"]

1. e4 c5 2. Nf3 Nc6 3. Bb5 e6 4. c3 Nge7 5. d4 cxd4 6. cxd4 d5 7. e5 Bd7 8. Bd3 Qb6 9. O-O Nxd4 10. Nbd2 Nec6 11. Rb1 Nb4 12. Nxd4 Nxd3 13. N2f3 Nxc1 14. Qxc1 Be7 15. Qf4 O-O 16. b4 Rac8 17. h4 Rc4 18. a3 f5 19. h5 Be8 20. h6 g5 21.
Nxg5 Rxd4 22. Qc1 Rg4 23. Nf3 Kh8 24. g3 Rxg3+ 25. Kh2 Rxf3 26. Rb2 Qd4 27. Kg2 Qg4+ 0-1

[Event "*** SCC Grand Prix: Titled Tuesday Blitz"]
[Site "Chess.com"]
[Date "2020.06.23"]
[Round "5"]
[White "Balla_Tamas"]
[Black "alexsergeyev"]
[Result "1-0"]
[WhiteElo "2520"]
[BlackElo "2371"]
[TimeControl "180+1"]
[EndTime "10:55:37 PDT"]
[Termination "Balla_Tamas won on time"]

1. e4 e5 2. Nf3 Nf6 3. Nxe5 d6 4. Nf3 Nxe4 5. Nc3 Nxc3 6. dxc3 Nd7 7. Bf4 Nc5 8. Qd2 Be7 9. O-O-O Bg4 10. Be2 Ne6 11. Be3 c6 12. h3 Bh5 13. g4 Bg6 14. Nd4 Qa5 15. Nxe6 fxe6 16. Kb1 e5 17. f4 exf4 18. Bxf4 O-O 19. Rhe1 d5 20. Bd3 Rae8 21. Bxg6 hxg6 22. Re6 Qa4 23. Be3 Bf6 24. Rd6 Qe4 25. Bxa7 Qe2 26. Qxe2 Rxe2 27. Rd7 Rf7 28. Rxf7 Kxf7 29. a4 Re3 30. Rd3 Re1+ 31. Ka2 Ke6 32. a5 Bd8 33. b4 Bc7 34. Kb3 Be5 35. Re3 1-0

[Event "*** SCC Grand Prix: Titled Tuesday Blitz"]
[Site "Chess.com"]
[Date "2020.06.23"]
[Round "5"]
[White "manmanlai1"]
[Black "DenLaz"]
[Result "0-1"]
[WhiteElo "2430"]
[BlackElo "2709"]
[TimeControl "180+1"]
[EndTime "10:55:38 PDT"]
[Termination "DenLaz won by resignation"]

1. e4 e5 2. Nf3 Nc6 3. Bc4 Bc5 4. O-O Nf6 5. d3 d6 6. c3 a6 7. a4 h6 8. Nbd2 O-O 9. h3 Be6 10. Bxe6 fxe6 11. b4 Ba7 12. Re1 Nh5 13. Nf1 Qf6 14.
Be3 Nf4 15. Bxa7 Nxa7 16. Re3 Rad8 17. Ra2 Nc6 18. b5 Ne7 19. Kh2 d5 20. exd5 Nexd5 21. d4 Nxe3 22. fxe3 e4 23. exf4 exf3 24. Qxf3 Qxf4+ 25. Qxf4 Rxf4 26. Ne3 e5 27. dxe5 Re4 28.
Ng4 h5 29. Nf2 Rxe5 30. h4 axb5 31. axb5 Rxb5 32. Nh3 Rc5 33. Ra3 Rc4 34. g3 Rd2+ 35.
Kh1 b5 36. Ng5 Ra4 0-1

[Event "*** SCC Grand Prix: Titled Tuesday Blitz"]
[Site "Chess.com"]
[Date "2020.06.23"]
[Round "5"]
[White "diamonds13"]
[Black "2007checkmate"]
[Result "0-1"]
[WhiteElo "2260"]
[BlackElo "2452"]
[TimeControl "180+1"]
[EndTime "10:55:38 PDT"]
[Termination "2007checkmate won by resignation"]

1. d4 d5 2. c4 dxc4 3. Nf3 Nf6 4. e3 c5 5. Bxc4 cxd4 6. exd4 e6 7. O-O Be7 8. Nc3 O-O 9. Bg5 a6 10. a4 Nc6 11.
Rc1 Nb4 12. Ne5 Nbd5 13. Bd3 h6 14. Bh4 Nf4 15. Bb1 N6d5 16. Bg3 Bg5 17. Re1 b6 18. Qc2 f5 19. Nxd5 Qxd5 20. Nf3 Nxg2 21. Nxg5 hxg5 22. Qc6 Bb7 23. Qxe6+ Qxe6 24. Rxe6 f4 25. Re7 fxg3 26. hxg3 Bd5 27. Rcc7 Rf7 28. Rxf7 Bxf7 29. Kxg2 Rd8 30. Rb7 Bd5+ 31. f3 Bxb7 32. d5 Bxd5 33. Kf2 Rf8 34. Ke3 Rxf3+ 35. Kd4 Bc6 36. g4 Rf4+ 37. Ke5 Rxg4 38.
Kd6 Bxa4 39. Kc7 b5 40. Kb6 Rb4 41. Ba2+ Bb3 42. Bb1 g4 0-1

[Event "*** SCC Grand Prix: Titled Tuesday Blitz"]
[Site "Chess.com"]
[Date "2020.06.23"]
[Round "5"]
[White "londonkid"]
[Black "NMZanette"]
[Result "0-1"]
[WhiteElo "2328"]
[BlackElo "2163"]
[TimeControl "180+1"]
[EndTime "10:55:39 PDT"]
[Termination "NMZanette won by resignation"]

1. d4 f5 2. Nc3 Nf6 3. Bg5 c6 4. Bxf6 exf6 5. e3 Qa5 6. Bd3 Ba3 7. Qc1 O-O 8. Ne2 Be7 9. O-O d5 10. Ng3 g6 11. a3 Be6 12. b4 Qc7 13. Na4 b6 14. c4 Nd7 15. cxd5 Bxd5 16. Bc4 Qd6 17. b5 cxb5 18. Bxd5+ Qxd5 19. Nc3 Qc4 20. Qb2 a6 21.
Rac1 Qf7 22. Rfd1 Rac8 23. d5 Bd6 24. Nge2 Qe7 25. Nd4 Bxa3 26. Qb3 Bxc1 27. d6+ Qf7 28. Nd5 Nc5 29. Ne7+ Kh8 30. Qc2 Rcd8 31. Ndc6 Rxd6 32. Rxd6 Ba3 33. h3 Ne4 34. Rd7 Qe6 35. Qd3 Nc5 36. Qxa3 Nxd7 37. Qxa6 Re8 38. Qb7 Rxe7 39. Nxe7 Qxe7 40.
Qc8+ Kg7 0-1

[Event "*** SCC Grand Prix: Titled Tuesday Blitz"]
[Site "Chess.com"]
[Date "2020.06.23"]
[Round "5"]
[White "AttilaTurzo"]
[Black "Camels1981"]
[Result "1-0"]
[WhiteElo "2498"]
[BlackElo "2322"]
[TimeControl "180+1"]
[EndTime "10:55:41 PDT"]
[Termination "AttilaTurzo won on time"]

1. e4 c5 2. Nf3 e6 3. d4 cxd4 4. Nxd4 Nc6 5. Nc3 Nf6 6. Ndb5 d6 7. Bf4 e5 8. Bg5 a6 9. Na3 b5 10. Nd5 Be7 11. Bxf6 Bxf6 12. c4 b4 13. Nc2 Rb8 14. b3 Bg5 15. Bd3 O-O 16. O-O Ne7 17. Ncxb4 Nxd5 18. Nxd5 g6 19. b4 f5 20. a4 f4 21. f3 Be6 22. a5 Bh4 23. b5 g5 24.
Nb4 axb5 25. Nc6 Qc7 26. cxb5 Ra8 27. Rc1 g4 28. fxg4 Kh8 29. b6 Qb7 30. Bc4 Bd7 31.
Bd5 1-0

[Event "*** SCC Grand Prix: Titled Tuesday Blitz"]
[Site "Chess.com"]
[Date "2020.06.23"]
[Round "5"]
[White "Justinz"]
[Black "BJthechessgod"]
[Result "1-0"]
[WhiteElo "2392"]
[BlackElo "2210"]
[TimeControl "180+1"]
[EndTime "10:55:42 PDT"]
[Termination "Justinz won by resignation"]

1. e4 c5 2. Nf3 Nc6 3. d4 cxd4 4.
Nxd4 g6 5. Nc3 Bg7 6. Be3 Nf6 7. Be2 O-O 8. Nb3 d6 9. O-O Be6 10. f4 a6 11. f5 Bd7 12. g4 Ne5 13. g5 Ne8 14. a4 Rc8 15. Nd5 Nc7 16. Bb6 Nxd5 17. Bxd8 Ne3 18. Qc1 Nxf1 19. Bxe7 Rfe8 20. f6 Bf8 21.
Bxf8 Kxf8 22. Bxf1 Nf3+ 23. Kf2 Nxh2 24. Nd4 Rxe4 25.
Ne2 Ng4+ 26. Kf3 Bc6 27. Kg3 Rce8 28. Qd2 Re3+ 29. Kxg4 Bf3+ 30. Kg3 Bxe2+ 31. Kf2 Rf3+ 32. Kg2 Rxf1 33. Rxf1 Bxf1+ 34. Kxf1 Re6 35. Qb4 Re5 36. Qxd6+ 1-0

[Event "*** SCC Grand Prix: Titled Tuesday Blitz"]
[Site "Chess.com"]
[Date "2020.06.23"]
[Round "5"]
[White "Alopekos"]
[Black "Volodar_Murzin"]
[Result "0-1"]
[WhiteElo "2452"]
[BlackElo "2706"]
[TimeControl "180+1"]
[EndTime "10:55:43 PDT"]
[Termination "Volodar_Murzin won by resignation"]

1. c4 Nf6 2. Nc3 g6 3. d3 Bg7 4. g3 O-O 5. Bg2 d6 6. Nf3 Nbd7 7. O-O e5 8. Bg5 h6 9. Be3 a5 10. a3 Kh7 11. d4 Ng4 12. dxe5 Nxe3 13. fxe3 Nxe5 14.
Nxe5 Bxe5 15. Nd5 c6 16. Nc3 Qb6 17. Rb1 Qxe3+ 18. Kh1 Be6 19. Rf3 Qa7 20. Ne4 Rad8 21. Nf6+ Kg7 22. Ne4 Bxc4 23. Qc2 Be6 24. Rbf1 f5 25.
Nc3 d5 26. Qd2 Rde8 27. Re3 Bf6 28. Ref3 h5 29. Qf4 Qd4 30. Qc7+ Rf7 31. Qxa5 Qd2 32.
Qb4 Bc8 33. Rd1 Qh6 34. Rfd3 Rh8 35. Qf4 h4 36. gxh4 Qxf4 0-1

[Event "*** SCC Grand Prix: Titled Tuesday Blitz"]
[Site "Chess.com"]
[Date "2020.06.23"]
[Round "5"]
[White "2008king"]
[Black "MasterKroket"]
[Result "1-0"]
[WhiteElo "2230"]
[BlackElo "2393"]
[TimeControl "180+1"]
[EndTime "10:55:44 PDT"]
[Termination "2008king won by checkmate"]

1. e4 c5 2. Nf3 e6 3. d4 cxd4 4. Nxd4 Nc6 5. Nc3 Qc7 6. Be3 a6 7. Qf3 b5 8. Qg3 Qxg3 9. hxg3 Bb7 10. f3 Nf6 11. O-O-O Rc8 12. g4 d6 13. Nxc6 Bxc6 14.
Ne2 e5 15. g5 Nd7 16. Nc3 b4 17. Nd5 a5 18. Bc4 Be7 19. g6 fxg6 20. b3 h6 21. f4 exf4 22. Bxf4 Ne5 23. Bxe5 dxe5 24. Rhf1 Bg5+ 25. Kb2 Rf8 26. Nb6 Rb8 27. Rxf8+ Kxf8 28. Nd7+ Bxd7 29. Rxd7 Bf6 30. Rf7+ Ke8 31. Ra7 Rd8 32.
Bf7+ Kf8 33. Bxg6 Bg5 34. Bh5 Bd2 35. Rxa5 Bc3+ 36. Kc1 Rd2 37. Rxe5 Rxg2 38. Re8# 1-0

[Event "*** SCC Grand Prix: Titled Tuesday Blitz"]
[Site "Chess.com"]
[Date "2020.06.23"]
[Round "5"]
[White "12teen"]
[Black "Logman74"]
[Result "1-0"]
[WhiteElo "2683"]
[BlackElo "2475"]
[TimeControl "180+1"]
[EndTime "10:55:45 PDT"]
[Termination "12teen won on time"]

1. g3 d5 2. Bg2 c6 3. d3 Nf6 4.
Nc3 h6 5. Bd2 Bf5 6. e4 Bh7 7.
e5 Nfd7 8. f4 e6 9. Nf3 c5 10.
Ne2 Nc6 11. d4 cxd4 12. Nexd4 Bc5 13. c3 Be4 14. Qe2 O-O 15. Be3 Qb6 16. Rd1 Rac8 17. O-O Bxf3 18. Rxf3 Nxd4 19. cxd4 Be7 20. f5 exf5 21.
Rxf5 Qg6 22. Rdf1 Nb6 23. b3 Rc3 24. Qd2 Rfc8 25. Rxf7 Rc2 26. Qe1 Qxf7 27. Rxf7 Kxf7 28. Bh3 R8c6 29. Bf5 Bg5 30. Bxc2 Rxc2 31. Bxg5 hxg5 32. Qf1+ Ke7 33. Qf5 Rxa2 34. Qxg5+ Kf7 35. Qf5+ Ke7 36. Qg6 1-0

[Event "*** SCC Grand Prix: Titled Tuesday Blitz"]
[Site "Chess.com"]
[Date "2020.06.23"]
[Round "5"]
[White "bratkoo"]
[Black "Chernobay_Artem"]
[Result "0-1"]
[WhiteElo "2411"]
[BlackElo "2599"]
[TimeControl "180+1"]
[EndTime "10:55:46 PDT"]
[Termination "Chernobay_Artem won by checkmate"]

1. e4 c5 2. Nf3 d6 3. d4 cxd4 4. Nxd4 Nf6 5. Nc3 a6 6. Be3 e6 7. f3 b5 8. Qd2 Nbd7 9. g4 Nb6 10. g5 Nfd7 11. Bd3 Bb7 12. Nce2 Be7 13. h4 Ne5 14. f4 Nec4 15. Qc1 g6 16. Bf2 e5 17. Nf3 d5 18. Bxc4 Nxc4 19. Nxe5 Nxe5 20. fxe5 dxe4 21. Bd4 Qa5+ 22. c3 O-O-O 23. Qf4 Rhf8 24. O-O Qc7 25.
a4 bxa4 26. Rxa4 Rd7 27. Ng3 e3 28. Qxe3 Qc6 29. Rf2 Qxa4 30. Bc5 Qc6 31. Bxe7 Rxe7 32. Qd4 Rd8 33. Qg4+ Kb8 34. Kh2 Ka8 35. Qf4 Rd1 36. h5 Red7 37. e6 Rh1+ 38. Nxh1 Qxh1+ 39. Kg3 Rd3+ 40. Kg4 Qxh5# 0-1

[Event "*** SCC Grand Prix: Titled Tuesday Blitz"]
[Site "Chess.com"]
[Date "2020.06.23"]
[Round "5"]
[White "mr65"]
[Black "ChocolateRoses"]
[Result "0-1"]
[WhiteElo "2083"]
[BlackElo "2277"]
[TimeControl "180+1"]
[EndTime "10:55:49 PDT"]
[Termination "ChocolateRoses won on time"]

1. e4 e6 2. d4 d5 3. Nc3 Bb4 4. e5 Ne7 5. a3 Bxc3+ 6. bxc3 c5 7. Nf3 b6 8. Bb5+ Bd7 9. Be2 Ba4 10. c4 dxc4 11.
dxc5 Qxd1+ 12. Bxd1 bxc5 13. Be3 Nd7 14. O-O Nd5 15. Bd2 c3 16. Be1 Bb5 17. Rb1 Bxf1 18. Kxf1 Ke7 19. g3 Rab8 20. Rb3 Rxb3 21. cxb3 f6 22.
exf6+ gxf6 23. Bc2 h6 24. Nh4 Kd6 25. Ke2 Ne5 26. f4 Nc6 0-1

[Event "*** SCC Grand Prix: Titled Tuesday Blitz"]
[Site "Chess.com"]
[Date "2020.06.23"]
[Round "5"]
[White "GMBenjaminBok"]
[Black "Gabrielian_Artur"]
[Result "1-0"]
[WhiteElo "2858"]
[BlackElo "2770"]
[TimeControl "180+1"]
[EndTime "10:55:51 PDT"]
[Termination "GMBenjaminBok won by resignation"]

1. d4 Nf6 2. c4 c5 3. Nf3 e6 4. g3 cxd4 5. Nxd4 d5 6. Bg2 e5 7. Nf3 d4 8. O-O Nc6 9. e3 Be7 10. exd4 exd4 11. Bf4 O-O 12. Ne5 Qb6 13. Re1 Be6 14. Nd2 Rfd8 15. Qb3 Bb4 16. Rad1 Rac8 17. a3 Bxd2 18. Qxb6 axb6 19. Rxd2 Na5 20. Red1 Nxc4 21. Nxc4 Rxc4 22. Bxb7 h6 23. Ba6 Ra4 24. Bb5 Ra5 25. a4 Nd5 26. Rxd4 Rc8 27. Rxd5 1-0

[Event "*** SCC Grand Prix: Titled Tuesday Blitz"]
[Site "Chess.com"]
[Date "2020.06.23"]
[Round "5"]
[White "LionTheLeon_06"]
[Black "CarlssonLudvig"]
[Result "1-0"]
[WhiteElo "2692"]
[BlackElo "2447"]
[TimeControl "180+1"]
[EndTime "10:55:51 PDT"]
[Termination "LionTheLeon_06 won by resignation"]

1. Nf3 Nf6 2. g3 d5 3. Bg2 Bf5 4. O-O e6 5. d3 h6 6. c4 c6 7.
cxd5 cxd5 8. Nd4 Bh7 9. Nc3 Nc6 10. Nxc6 bxc6 11. e4 Be7 12. Qc2 O-O 13. b3 Nd7 14. Bb2 Bf6 15. Rac1 Rc8 16. Rfd1 Bd4 17. Na4 Qf6 18.
Bxd4 Qxd4 19. Qc3 Qxc3 20. Rxc3 Nb6 21. Nc5 Rfd8 22. Rdc1 dxe4 23. dxe4 Rd2 24. R3c2 Rcd8 25. f3 Rd1+ 26. Rxd1 Rxd1+ 27. Kf2 Bg6 28. Bf1 Kh7 29. Nd3 Ra1 30. Ne5 c5 31. Nd3 f5 32. Nxc5 fxe4 33. fxe4 Nd5 34. a4 Nb4 35. Rd2 Rb1 36. Bc4 Nc2 37.
Rxc2 1-0

[Event "*** SCC Grand Prix: Titled Tuesday Blitz"]
[Site "Chess.com"]
[Date "2020.06.23"]
[Round "5"]
[White "Onischuk_V"]
[Black "Evgeny81"]
[Result "1-0"]
[WhiteElo "2885"]
[BlackElo "2798"]
[TimeControl "180+1"]
[EndTime "10:55:53 PDT"]
[Termination "Onischuk_V won by resignation"]

1. e4 c5 2. Ne2 Nc6 3. Nbc3 e6 4. g3 Nf6 5. Bg2 d5 6. exd5 exd5 7.
d4 cxd4 8. Nxd4 Bg4 9. Nce2 Bc5 10. Nb3 Bb6 11. h3 Bh5 12. O-O O-O 13. g4 Bg6 14.
Bg5 h6 15. Bh4 Re8 16. Nf4 Be4 17. Bxf6 Qxf6 18. Nxd5 Bxd5 19. Bxd5 Qxb2 20. c4 Bc7 21. Qf3 Ne5 22. Qf5 g6 23. Qf6 Bd8 24. Qf4 Bg5 25.
Qg3 Nc6 26. Nc5 Nd4 27. Kh1 Ne2 28. Qf3 Nf4 29. Nd3 Qd4 30. Nxf4 Bxf4 31. Rad1 Qe5 32. Bxb7 Rad8 33. Bd5 Re7 34. Kg2 Kg7 35. Rfe1 1-0

[Event "*** SCC Grand Prix: Titled Tuesday Blitz"]
[Site "Chess.com"]
[Date "2020.06.23"]
[Round "5"]
[White "ajian"]
[Black "FMJoseHerrera"]
[Result "0-1"]
[WhiteElo "2401"]
[BlackElo "2570"]
[TimeControl "180+1"]
[EndTime "10:55:55 PDT"]
[Termination "FMJoseHerrera won on time"]

1. d4 Nf6 2. c4 c5 3. d5 b5 4. cxb5 a6 5. bxa6 g6 6. Nc3 Bg7 7. g3 O-O 8. Bg2 d6 9. Nf3 Nbd7 10. O-O Nb6 11. Rb1 Bf5 12. Ra1 Rxa6 13. Nh4 Bg4 14. h3 Bd7 15. Qc2 Qa8 16. Rd1 Rb8 17. b3 c4 18. Bb2 cxb3 19. axb3 Rxa1 20. Rxa1 Qb7 21. e4 Qc8 22. Rc1 Bxh3 23. Qd3 Bxg2 24. Kxg2 Nbd7 25. Ne2 Qb7 26. Nd4 Nc5 27. Qe3 Nfxe4 28. f3 Nxb3 29.
Qxe4 Nc5 30. Qe2 Qxb2 0-1

[Event "*** SCC Grand Prix: Titled Tuesday Blitz"]
[Site "Chess.com"]
[Date "2020.06.23"]
[Round "5"]
[White "tan275"]
[Black "CyberneticLion"]
[Result "0-1"]
[WhiteElo "2258"]
[BlackElo "2452"]
[TimeControl "180+1"]
[EndTime "10:55:56 PDT"]
[Termination "CyberneticLion won by resignation"]

1. d4 d5 2. c4 e6 3. Nf3 Nf6 4. Nc3 c6 5. e3 Nbd7 6. Qc2 Bd6 7. Bd3 dxc4 8. Bxc4 b5 9. Be2 O-O 10. O-O a6 11. Rd1 Bb7 12. h3 Qe7 13. e4 e5 14.
dxe5 Nxe5 15. Bg5 Nxf3+ 16. Bxf3 Qe5 17. Be3 Qh2+ 18. Kf1 Rad8 19. Ke2 a5 20. g3 Qxh3 21. Rh1 Qe6 22. Kf1 Ba6 23. Kg2 Rfe8 24. Bg5 h6 25.
Bxf6 Qxf6 26. Rad1 b4 27. Ne2 Be5 28. Nc1 Bxb2 29. Nd3 Bc3 30. Nc5 Bc4 31. Na4 Rxd1 32. Rxd1 Rd8 33. Rxd8+ Qxd8 34. Nxc3 bxc3 35. Qxc3 Bxa2 36.
Qxc6 Bb3 37. e5 a4 38. Qc5 Qf8 39. Qc3 Be6 40. Qa5 a3 41. Bd5 Bxd5+ 42. Qxd5 Qb8 43. e6 fxe6 44. Qxe6+ Kh8 45. Qf7 Qa8+ 46. Kh2 a2 0-1

[Event "*** SCC Grand Prix: Titled Tuesday Blitz"]
[Site "Chess.com"]
[Date "2020.06.23"]
[Round "5"]
[White "ALEXJR20"]
[Black "dodorox"]
[Result "1-0"]
[WhiteElo "2211"]
[BlackElo "2028"]
[TimeControl "180+1"]
[EndTime "10:55:56 PDT"]
[Termination "ALEXJR20 won on time"]

1. d4 Nf6 2. Nf3 e6 3. c4 d5 4. g3 dxc4 5. Bg2 Be7 6. O-O O-O 7. Qc2 Nbd7 8. a4 c5 9. Rd1 cxd4 10. Nxd4 a6 11.
Bg5 Qc7 12. Nd2 h6 13. Bxf6 Bxf6 14. Qxc4 Qxc4 15. Nxc4 Rb8 16. a5 Bxd4 17. Rxd4 b5 18. axb6 Nxb6 19. Na5 Nd5 20. Bxd5 exd5 21. b4 Rb5 22. Nc6 Bb7 23. Ne7+ Kh7 24. Rad1 Re8 25. Nxd5 Bxd5 26. Rxd5 Rxd5 27. Rxd5 Rxe2 28. Ra5 Rb2 29. Ra4 f6 30. Kg2 Kg6 31. Kf3 Kf5 32. Ra5+ Kg6 33.
Ra4 Kf5 34. h4 1-0

[Event "*** SCC Grand Prix: Titled Tuesday Blitz"]
[Site "Chess.com"]
[Date "2020.06.23"]
[Round "5"]
[White "kushagramohan"]
[Black "ChessicallyInclined"]
[Result "1-0"]
[WhiteElo "2728"]
[BlackElo "2479"]
[TimeControl "180+1"]
[EndTime "10:55:57 PDT"]
[Termination "kushagramohan won by checkmate"]

1. e4 c5 2. Nf3 Nc6 3. d4 cxd4 4. Nxd4 Nf6 5. Nc3 e5 6. Ndb5 d6 7. Bg5 a6 8. Na3 b5 9. Nd5 Be7 10. Bxf6 Bxf6 11. c3 O-O 12. Nc2 Bg5 13. a4 bxa4 14. Rxa4 Rb8 15. h4 Bh6 16. b4 a5 17. b5 Ne7 18. Nce3 Nxd5 19. Nxd5 Be6 20. g3 g6 21. Be2 Kg7 22. O-O Qc8 23. Rxa5 Bxd5 24. Qxd5 Qxc3 25. Ra6 Qb2 26. Bd3 Rbc8 27. Rxd6 Rc1 28. Rxc1 Bxc1 29. Bc4 Qc3 30. Rd7 Kh6 31. Rxf7 Rxf7 32. Qxf7 Qe1+ 33.
Kh2 Bf4 34. gxf4 Qxf2+ 35. Kh1 Qf3+ 36. Kg1 Qg3+ 37. Kf1 Qf3+ 38. Ke1 Qxe4+ 39. Be2 exf4 40. Qf8# 1-0

[Event "*** SCC Grand Prix: Titled Tuesday Blitz"]
[Site "Chess.com"]
[Date "2020.06.23"]
[Round "5"]
[White "Lenyas66"]
[Black "peixe64"]
[Result "1-0"]
[WhiteElo "2513"]
[BlackElo "2356"]
[TimeControl "180+1"]
[EndTime "10:55:57 PDT"]
[Termination "Lenyas66 won on time"]

1. e4 e5 2. Nf3 Nc6 3. Bb5 a6 4.
Ba4 Nf6 5. O-O Nxe4 6. d4 b5 7. Bb3 d5 8. dxe5 Be6 9. Be3 Be7 10. c3 O-O 11. Qe2 Na5 12. Bc2 c5 13. Rd1 Qc7 14. Nbd2 Nxd2 15. Bxd2 Nc4 16. Bf4 Nxb2 17. Bxh7+ Kxh7 18. Qxb2 Kg8 19. h3 Rfd8 20. Rac1 Bf5 21. Qe2 Rab8 22. g4 Be6 23. Ng5 Bxg5 24. Bxg5 Re8 25.
f4 Bc8 26. Qf2 Bb7 27. Kh2 Qc6 28. Bh4 a5 29. Bg3 Ra8 30. f5 d4 31. cxd4 Rad8 32. dxc5 Qe4 33. Rd6 Rc8 34. Re1 Qc4 35. e6 fxe6 36.
Rdxe6 Red8 37. f6 Rxc5 38. f7+ Kh7 39. Bd6 Qc2 40. Bxc5 Rd2 41. R6e2 Rxe2 42. Rxe2 Qd1 43. Re1 Qd5 44. Qf5+ Qxf5 45. gxf5 1-0

[Event "*** SCC Grand Prix: Titled Tuesday Blitz"]
[Site "Chess.com"]
[Date "2020.06.23"]
[Round "5"]
[White "Atanejhad"]
[Black "Colombiano07"]
[Result "0-1"]
[WhiteElo "2381"]
[BlackElo "2229"]
[TimeControl "180+1"]
[EndTime "10:55:57 PDT"]
[Termination "Colombiano07 won by resignation"]

1. d4 d5 2. c4 c6 3. Nf3 Nf6 4. Nc3 g6 5. Bf4 Bg7 6. e3 O-O 7. Qb3 Qb6 8. c5 Qxb3 9. axb3 Nh5 10. Bg5 h6 11. Bh4 g5 12. Bg3 Nxg3 13. hxg3 Nd7 14. b4 e5 15. b5 exd4 16. exd4 g4 17.
bxc6 bxc6 18. Ne5 Nxe5 19. dxe5 Rb8 20. Na4 Re8 21. Kd2 Rxe5 22. Bd3 Bf5 23. Bxf5 Rxf5 24.
Rhf1 Rb4 25. Kc2 Re5 26. b3 Re2+ 27. Kd3 Rxf2 28. Rxf2 Bxa1 29. Kc2 Be5 30. Re2 f6 31. Re3 Kf7 32. Rd3 Kg6 33. Kd2 Kf5 34. Ke2 Re4+ 35. Kf2 h5 36. Nb2 Bxb2 0-1

[Event "*** SCC Grand Prix: Titled Tuesday Blitz"]
[Site "Chess.com"]
[Date "2020.06.23"]
[Round "5"]
[White "tsvet2005"]
[Black "jaskol95"]
[Result "1-0"]
[WhiteElo "2633"]
[BlackElo "2396"]
[TimeControl "180+1"]
[EndTime "10:55:58 PDT"]
[Termination "tsvet2005 won by resignation"]

1. g4 e6 2. Bg2 d5 3. c4 c6 4.
Nf3 Bd6 5. d3 Nf6 6. g5 Nfd7 7.
Nc3 Na6 8. e4 Nc7 9. O-O O-O 10.
h4 f5 11. Re1 fxe4 12. dxe4 Kh8 13. exd5 exd5 14. cxd5 Nxd5 15. Nxd5 cxd5 16. Qxd5 Nb6 17. Qd4 Bh3 18. Be3 Bxg2 19. Kxg2 Qd7 20. Rad1 Qc6 21. Qxd6 Qxf3+ 22. Kh2 Nc4 23. Qg3 Nxe3 24. fxe3 Qf2+ 25. Qxf2 Rxf2+ 26. Kg3 Rxb2 27. Rd7 b5 28. e4 Rxa2 29. e5 Kg8 30. e6 Re8 31. e7 Ra6 32.
h5 g6 33. h6 b4 34. Rf1 b3 35. Rd8 1-0

[Event "*** SCC Grand Prix: Titled Tuesday Blitz"]
[Site "Chess.com"]
[Date "2020.06.23"]
[Round "5"]
[White "Belka1989"]
[Black "ExtremeLearner"]
[Result "0-1"]
[WhiteElo "2336"]
[BlackElo "2196"]
[TimeControl "180+1"]
[EndTime "10:56:01 PDT"]
[Termination "ExtremeLearner won by resignation"]

1. d4 d5 2. Nf3 Nf6 3. Bf4 c6 4. e3 Bg4 5. c4 e6 6. Qb3 Qb6 7. c5 Qxb3 8. axb3 Nbd7 9. Nbd2 h6 10. h3 Bf5 11. b4 g5 12. Bh2 a6 13. Nb3 Be7 14. Na5 Ra7 15. Be2 Ne4 16. O-O h5 17. Ne5 f6 18. Nxd7 Kxd7 19. f3 Nd2 20. Rfd1 Nb3 21. Nxb3 Bc2 22. Na5 Bxd1 23. Bxd1 Bd8 24.
Be2 Bc7 25. Bxc7 Kxc7 26. Kf2 e5 27. Rd1 Raa8 28. Nb3 Rae8 29. Re1 Re7 30. Bd3 Rg7 31. Re2 g4 32. fxg4 e4 33. Bc2 hxg4 34. hxg4 Rxg4 35. Kg1 Rhg8 36. Nd2 f5 37. Rf2 f4 38.
Rxf4 Rxg2+ 39. Kf1 Rxd2 40. Bb3 Rxb2 41. Rf7+ Kb8 0-1

[Event "*** SCC Grand Prix: Titled Tuesday Blitz"]
[Site "Chess.com"]
[Date "2020.06.23"]
[Round "5"]
[White "Chessmasterzt"]
[Black "StockholmMissile"]
[Result "0-1"]
[WhiteElo "2587"]
[BlackElo "2433"]
[TimeControl "180+1"]
[EndTime "10:56:02 PDT"]
[Termination "StockholmMissile won by checkmate"]

1. Nf3 d5 2. d4 Nf6 3. c4 c6 4. Nc3 e6 5. Bg5 h6 6. Bxf6 Qxf6 7. e3 Nd7 8. Bd3 g6 9. O-O Bg7 10. Qc2 O-O 11. e4 dxc4 12. e5 cxd3 13. exf6 dxc2 14.
fxg7 Kxg7 15. Rac1 c5 16. Rxc2 cxd4 17. Nxd4 b6 18. Rd1 Nf6 19. Ncb5 Nd5 20. Nc7 Nxc7 21. Rxc7 Kf6 22. Rd3 Ba6 23. Ra3 Rad8 24. Rf3+ Kg5 25. Rcxf7 Rxf7 26. Nxe6+ Kh5 27. Nxd8 Rd7 28. Rh3+ Kg4 29.
f3+ Kf4 30. Nc6 Rd1+ 31. Kf2 Rf1# 0-1

[Event "*** SCC Grand Prix: Titled Tuesday Blitz"]
[Site "Chess.com"]
[Date "2020.06.23"]
[Round "5"]
[White "doctorcristian"]
[Black "EvgenyRomanov"]
[Result "0-1"]
[WhiteElo "2428"]
[BlackElo "2640"]
[TimeControl "180+1"]
[EndTime "10:56:03 PDT"]
[Termination "EvgenyRomanov won on time"]

1. d4 d5 2. Bf4 c5 3. c3 Nc6 4. e3 g6 5. Nd2 Bg7 6. Ngf3 Nf6 7. Be2 O-O 8. O-O Nd7 9. Bb5 Qb6 10. Qa4 a6 11. Bxc6 bxc6 12. Qa3 a5 13. Nb3 c4 14. Nc5 Nxc5 15. dxc5 Qb7 16. Rfc1 Bf5 17. b3 Rfd8 18. h3 Be4 19. Nd2 Bd3 20.
Bg3 a4 21. b4 e5 22. Bh4 f6 23.
Re1 g5 24. Bg3 f5 25. Qc1 f4 26. exf4 gxf4 27. Bh4 Re8 28. Nf3 Qf7 29. Qd2 Qh5 30. Qd1 e4 31. Nd4 Qxh4 32. Nxc6 Bxc3 33. b5 Kh8 34. b6 Rg8 35. b7 Qxh3 0-1

[Event "*** SCC Grand Prix: Titled Tuesday Blitz"]
[Site "Chess.com"]
[Date "2020.06.23"]
[Round "5"]
[White "WPWPWP-2015"]
[Black "Nafania1"]
[Result "0-1"]
[WhiteElo "2354"]
[BlackElo "2513"]
[TimeControl "180+1"]
[EndTime "10:56:03 PDT"]
[Termination "Nafania1 won on time"]

1. d4 Nf6 2. c4 e6 3. Nf3 Bb4+ 4. Bd2 a5 5. e3 O-O 6. Bd3 d5 7. O-O b6 8. a3 Be7 9. Nc3 Ba6 10. b3 Nbd7 11. Qe2 c5 12. Rfd1 cxd4 13. exd4 Rc8 14.
Nb5 dxc4 15. bxc4 Bxb5 16. cxb5 Nd5 17. Ne5 Nxe5 18. dxe5 Bc5 19. Qh5 f5 20. Bg5 Qe8 21. Qh3 Qg6 22. Bd2 Bd4 23. Rac1 Bxe5 24. Rc6 Bd4 25.
Bc4 Rxc6 26. bxc6 Qf6 27. Qf3 Nc7 28. Bf4 Be5 29. Be3 b5 30. Be2 b4 31. axb4 axb4 32.
Bc5 Rb8 33. Qb3 Bc3 34. g3 Qe5 35. Bd6 Qxe2 36. Bxc7 Rc8 37. Ba5 Rxc6 38. Rd8+ Kf7 39. Rd7+ Kg6 40. h4 Be1 0-1

[Event "*** SCC Grand Prix: Titled Tuesday Blitz"]
[Site "Chess.com"]
[Date "2020.06.23"]
[Round "5"]
[White "NodariousBIG"]
[Black "Parhamov"]
[Result "0-1"]
[WhiteElo "2672"]
[BlackElo "3062"]
[TimeControl "180+1"]
[EndTime "10:56:04 PDT"]
[Termination "Parhamov won by checkmate"]

1. e4 c5 2. c3 d5 3. exd5 Qxd5 4. d4 g6 5. Nf3 Nc6 6. Be3 Nh6 7. c4 Qd6 8. d5 Ne5 9. Nc3 Nxf3+ 10. Qxf3 Nf5 11. Bf4 Qb6 12. Nb5 Qa5+ 13. Bd2 Qd8 14. Bc3 f6 15. Qf4 Bh6 16. Qc7 O-O 17. Qxd8 Rxd8 18.
g4 Nh4 19. Be2 Bd7 20. d6 e5 21. Nc7 Bc6 22. O-O Rac8 23. Rfd1 Nf3+ 24. Bxf3 Bxf3 25.
Ne6 Rd7 26. g5 Kf7 27. gxh6 Bxd1 28. Nc7 Rxd6 29. Nb5 Rd7 30. Nxa7 Rcd8 31. Kg2 Be2 32. b3 Rd1 33. Rxd1 Rxd1 34. Nb5 g5 35. a4 Kg6 36. a5 Bf1+ 37. Kf3 Rd3+ 38. Ke4 g4 39.
b4 cxb4 40. Bxb4 Rb3 41. Bf8 Bg2+ 42. f3 Bxf3# 0-1